[Event "Team 45 45 League T35"]
[Site "Internet Chess Club"]
[Date "2007.10.25"]
[Round "1"]
[White "Changuito-77"]
[Black "FiendAngelical"]
[Result "1/2-1/2"]
[WhiteElo "1780"]
[BlackElo "1839"]
[Opening "Sicilian: closed, 6.Be3"]
[ECO "B26"]
[Time "20:02:23"]
[TimeControl "2700+45"]

1. e4 c5 2. Nc3 Nc6 3. g3 g6 4. Bg2 Bg7 5. d3 d6 6. Be3 e6 7. Qd2 Nge7 8. Bh6
Bxh6 9. Qxh6 Nd4 10. Qd2 Rb8 11. Nge2 Nec6 12. f4 b5 13. O-O b4 14. Nd1 O-O 15.
c3 Nxe2+ 16. Qxe2 Qb6 17. Rf2 a5 18. Ne3 Ba6 19. Rd1 Rfe8 20. g4 d5 21. exd5
exd5 22. Bxd5 c4 23. d4 Re7 24. Qf3 Bb5 25. Nxc4 Bxc4 26. Bxc4 Rbe8 27. Re2 Rxe2
28. Bxe2 Rd8 29. Kg2 a4 30. Qd3 bxc3 31. bxc3 Ne7 32. Bf3 Qb2+ 33. Rd2 Qc1 34.
Qc2 Qe1 35. Re2 Qh4 36. Qxa4 h5 37. h3 hxg4 38. hxg4 Kg7 39. Qa5 Rh8 40. Qe5+
Kf8 41. Qxe7+ Qxe7 42. Rxe7 Kxe7 43. a4 Rc8 44. a5 Rxc3 45. a6 Ra3 46. Bb7 Kd6
47. Kf2 f6 48. Ke2 g5 49. fxg5 fxg5 50. Kd2 Kc7 51. d5 Ra4 52. Ke3 Rxg4 53. Bc6
Rg3+ 54. Ke4 Ra3 55. Kf5 Rxa6 56. Kxg5 Rxc6 57. dxc6 Kxc6 {Game drawn because
neither player has mating material} 1/2-1/2

[Event "Team 45 45 League T35"]
[Site "Internet Chess Club"]
[Date "2007.10.18"]
[Round "1"]
[White "siddhu"]
[Black "rubo"]
[Result "0-1"]
[WhiteElo "1843"]
[BlackElo "1758"]
[Opening "Caro-Kann: anti-anti-Caro-Kann defense"]
[ECO "B10"]
[Time "14:31:55"]
[TimeControl "2700+45"]

1. e4 c6 2. c4 d5 3. exd5 cxd5 4. cxd5 Nf6 5. Nc3 Nxd5 6. Bb5+ Nc6 7. Nf3 Nxc3
8. Bxc6+ bxc6 9. bxc3 Ba6 10. Nd4 Qd5 11. Qf3 e5 12. Qxd5 cxd5 13. Nb3 Bd6 14.
Bb2 Rb8 15. O-O-O Bd3 16. Rde1 O-O 17. f3 Rb6 18. Re3 e4 19. Rhe1 Rfb8 20. fxe4
dxe4 21. Rxe4 Bxe4 22. Rxe4 Bxh2 23. c4 Bd6 24. d4 Rb4 25. c5 Bxc5 26. Kd2 f5
27. Re5 Bf8 28. Rxf5 g6 29. Ra5 Rxb3 30. axb3 Bb4+ 31. Bc3 Bxa5 32. Bxa5 Rxb3
33. d5 Rb5 {White resigns} 0-1

[Event "Team 45 45 League T35"]
[Site "Internet Chess Club"]
[Date "2007.10.21"]
[Round "1"]
[White "Electryon"]
[Black "OnFire"]
[Result "0-1"]
[WhiteElo "1634"]
[BlackElo "1735"]
[Opening "Queen's bishop game"]
[ECO "D02"]
[Time "15:08:11"]
[TimeControl "2700+45"]

1. d4 d5 2. Nf3 Nf6 3. Bf4 c5 4. c3 Nc6 5. e3 cxd4 6. cxd4 Nh5 7. Bg5 h6 8. Bh4
g5 9. Nfd2 gxh4 10. Qxh5 Rg8 11. Nc3 e5 12. Qf3 Bg4 13. Qxd5 exd4 14. exd4 Nxd4
15. Bd3 Qe7+ 16. Qe4 O-O-O 17. O-O Bh3 18. Qxe7 Bxe7 19. Be4 Bxg2 20. Bxg2 h3
21. Rac1 Kb8 22. Nce4 Ne2+ 23. Kh1 hxg2# {White checkmated} 0-1